 Dungeon Crawl Stone Soup version 0.26.0-18-gc5c842f807 (webtiles) character file.

Game seed: 11919746914937147537

9851 zcampers the Cleaver (level 11, -12/100 HPs)
             Began as a Minotaur Berserker on Jan 23, 2021.
             Was a High Priest of Trog.
             Mangled by a two-headed ogre
             ... wielding a +0 giant club
              (25 damage)
             ... on level 11 of the Dungeon.
             The game lasted 00:16:26 (10127 turns).

zcampers the Cleaver (Minotaur Berserker)          Turns: 10127, Time: 00:16:26

Health: -12/100    AC: 16    Str: 22    XL:     11   Next: 28%
Magic:  3/3        EV: 13    Int:  9    God:    Trog [*****.]
Gold:   597        SH:  5    Dex: 10    Spells: 10/10 levels left

rFire    + . .     SeeInvis .   r - +8 trident of the Thirteen Youths {antimagic, Int+2}
rCold    . . .     Faith    .   g - +0 buckler
rNeg     . . .     Spirit   .   s - +1 chain mail {rF+}
rPois    +         Reflect  .   (helmet restricted)
rElec    .         Harm     .   m - +0 cloak
rCorr    .         Rampage  .   (no gloves)
Will     ++...                  (no boots)
Stlth    ..........             (no amulet)
HPRegen  1.26/turn              E - ring of poison resistance
MPRegen  0.08/turn              (no ring)

@: berserk cooldown, regenerating, slowed, very slow
A: retaliatory headbutt, beak, horns 2, iridescent scales 1, sturdy frame 1
a: Renounce Religion, Berserk, Trog's Hand, Brothers in Arms


You were on level 11 of the Dungeon.
You worshipped Trog.
Trog was extremely pleased with you.
You visited 1 branch of the dungeon, and saw 11 of its levels.

You collected 714 gold pieces.
You spent 117 gold pieces at shops.

Inventory:

Hand Weapons
 r - the +8 trident of the Thirteen Youths (weapon) {antimagic, Int+2}
   (You found it on level 6 of the Dungeon)

   It reduces the magical energy of the wielder, and disrupts the spells and
   magical abilities of those hit.
   Natural abilities and divine invocations are not affected.
   It affects your intelligence (+2).
 F - a +0 broad axe
Missiles
 j - 5 silver boomerangs (quivered)
Armour
 g - a +0 buckler (worn)
 m - a +0 cloak (worn)
 s - a +1 chain mail of fire resistance (worn)
Jewellery
 E - a ring of poison resistance (left hand)
Wands
 k - a wand of paralysis (17)
 p - a wand of flame (38)
 u - a wand of enslavement (7)
 v - a wand of iceblast (6)
Scrolls
 b - 3 scrolls of enchant armour
 c - a scroll of blinking
 h - 4 scrolls of remove curse
 i - 6 scrolls of enchant weapon
 l - 7 scrolls of identify
 n - a scroll of fear
 o - 3 scrolls of teleportation
 x - a scroll of amnesia
 y - a scroll of fog
 A - a scroll of magic mapping
Potions
 a - a potion of berserk rage
 d - 3 potions of haste
 e - a potion of flight
 f - a potion of ambrosia
 q - a potion of degeneration {unknown}
 t - 2 potions of might
 w - 4 potions of curing
 z - 4 potions of lignification {unknown}
 D - 2 potions of invisibility
Miscellaneous
 B - a phantom mirror


   Skills:
 + Level 10.2 Fighting
 + Level 10.2(11.1) Axes
 + Level 7.2(9.8) Polearms
 + Level 9.9 Armour
 + Level 9.1 Dodging
 - Level 5.5 Shields


You had 10 spell levels left.
You didn't know any spells.
Your spell library was empty.

Dungeon Overview and Level Annotations

Branches:
Dungeon (11/15)            Temple (0/1) D:5            Lair (0/6) D:11
    Orc (0/2) D:9

Altars:
Ashenzari
Cheibriados
Dithmenos
Elyvilon
Fedhas
Hepliaklqana
Kikubaaqudgha
Makhleb
Okawaru
Ru
Uskayaw
Wu Jian
Xom
Zin
The Shining One

Shops:
D:9 ?([

Annotations:
D:5 2 transporters


Innate Abilities, Weirdness & Mutations

You reflexively headbutt those who attack you in melee.
You have a pair of horns on your head.
You have a beak for a mouth.
You are partially covered in iridescent scales. (AC +2)
Your movements are slightly less encumbered by armour. (ER -2)


Message History

You hit the two-headed ogre.
The two-headed ogre is heavily wounded.
The two-headed ogre hits you with a +0 giant club!
* * * LOW HITPOINT WARNING * * *
The two-headed ogre hits you with a +0 giant spiked club!!
* * * LOW HITPOINT WARNING * * *
You puncture the two-headed ogre!
Your headbutt misses the two-headed ogre.
The two-headed ogre is severely wounded.
The two-headed ogre closely misses you. The two-headed ogre barely misses you.
You hit the two-headed ogre. You peck the two-headed ogre.
The two-headed ogre is severely wounded.
The two-headed ogre misses you. The two-headed ogre closely misses you.
A jelly comes into view.
You barely miss the two-headed ogre.
The jelly quivers.
You peck the two-headed ogre, but do no damage.
The two-headed ogre is severely wounded.
The two-headed ogre hits you with a +0 giant club!!
You die...

.......###...#..##*,,,,,,,*#...#,
.#.#.#.#...#.#...#*,,,,,,,*#.....
.......#.#.#.#.#.#*,,,,,,,*#.....
##.#########.#####***#,****#.#...
......[#.........#,,.#,*,,,#.#$..
####.#.#.#######J#,#.#,*,*,#.##..
.,,,.#.#.#,,...#)#...#,,,*,*,,,,,
##.#,#.#.#,**#.#.#...#,,,*,*,,,*,
...#.#...#,+,#.'@O.#,*,*,*,,,,,**
.###.#.#.#,**#.#.#.#,,,*,,,*,,,,,
.......#.#,,...#.#.#,,,*,,,*,,,,,
.#####.#.#*###*#.#,#,*,*,*,*,,***
.......#..,,,,,..#,,,*,*,,,*,**
##.#######**,**###****,*****,**
..........,,,,,,,,,,,,,,,,,,,,**
..........,,,,,**,,,**,,,*,,,,,**
..........,,,,**,,,,8,<,∩,8,,,,,*


You could see a two-headed ogre and a jelly.

Vanquished Creatures
  A two-headed ogre (D:10)
  2 ugly things (D:11)
  A cyclops (D:11)
  A gargoyle (D:11)
  A centaur skeleton (D:11)
  A troll (D:11)
  A polar bear (shapeshifter) (D:11)
  Grinder (D:5)
  A vampire (D:10)
  Sigmund (D:5)
  9 yaks
  2 wyverns
  A water moccasin (D:8)
  An acid dragon (D:11)
  6 orc warriors
  2 ice beasts
  5 sky beasts
  4 phantoms
  An eye of draining (D:11)
  3 ogres
  2 centaurs
  A big kobold (D:10)
  10 bullfrogs
  A wyvern zombie (D:11)
  3 scorpions
  15 wights
  A howler monkey (D:11)
  An electric eel (D:9)
  4 hounds
  4 jellies
  2 orc priests
  A bullfrog skeleton (D:11)
  Ijyb (D:5)
  2 iguanas (D:9)
  6 orc wizards
  2 worker ants
  A hound zombie (D:8)
  4 hound skeletons
  2 worker ant zombies
  5 gnolls
  11 adders
  3 shadow imps
  2 white imps
  An ooze (D:1)
  2 adder skeletons
  A dart slug (D:1)
  8 leopard geckos
  44 orcs
  2 ball pythons
  5 bats
  5 giant cockroaches
  4 goblins (D:1)
  7 hobgoblins
  18 jackals
  14 kobolds
  7 quokkas
  5 frilled lizards
  A jackal skeleton (D:4)
  A leopard gecko skeleton (D:7)
  A quokka skeleton (D:10)
  2 quokka zombies
  5 rats
262 creatures vanquished.

Notes
Turn   | Place    | Note
-------+----------+-------------------------------------------
     0 | D:1      | zcampers the Minotaur Berserker began the quest for the
                  | Orb.
     0 | D:1      | Reached XP level 1. HP: 19/19 MP: 0/0
    81 | D:1      | Reached XP level 2. HP: 27/27 MP: 1/1
   345 | D:1      | Reached XP level 3. HP: 33/33 MP: 2/2
  1624 | D:2      | Found a shadowy altar of Dithmenos.
  1645 | D:2      | Reached XP level 4. HP: 39/40 MP: 3/3
  1917 | D:2      | Gained mutation: Scrolls take you a little longer to read.
                  | [potion of mutation]
  1917 | D:2      | Gained mutation: You are partially covered in yellow
                  | scales. (AC +2) [potion of mutation]
  1917 | D:2      | Gained mutation: You have a beak for a mouth. [potion of
                  | mutation]
  1917 | D:2      | Gained mutation: You have a pair of large horns on your
                  | head. [potion of mutation]
  2104 | D:3      | Reached XP level 5. HP: 41/47 MP: 4/4
  2105 | D:3      | Reached ** piety under Trog
  2307 | D:3      | Found a glowing silver altar of Zin.
  2416 | D:3      | Found a broken altar of Ashenzari.
  2828 | D:4      | Reached skill level 1 in Shields
  3018 | D:4      | Found a burning altar of Makhleb.
  3024 | D:4      | Reached skill level 5 in Fighting
  3024 | D:4      | Reached skill level 5 in Axes
  3065 | D:4      | Reached XP level 6. HP: 56/56 MP: 5/5
  3327 | D:4      | Found a white marble altar of Elyvilon.
  3566 | D:5      | Entered Level 5 of the Dungeon
  3567 | D:5      | Noticed Sigmund
  3599 | D:5      | Killed Sigmund
  3824 | D:5      | Found a transporter.
  3837 | D:5      | Lost mutation: You have a pair of large horns on your head.
                  | [potion of mutation]
  3837 | D:5      | Lost mutation: Scrolls take you a little longer to read.
                  | [potion of mutation]
  3837 | D:5      | Lost mutation: You are partially covered in yellow scales.
                  | (AC +2) [potion of mutation]
  3837 | D:5      | Gained mutation: Your movements are slightly less
                  | encumbered by armour. (ER -2) [potion of mutation]
  3837 | D:5      | Gained mutation: You are partially covered in iridescent
                  | scales. (AC +2) [potion of mutation]
  3861 | D:5      | Reached XP level 7. HP: 58/61 MP: 6/6
  4133 | D:5      | Found a transporter.
  4158 | D:5      | Noticed Ijyb
  4171 | D:5      | Killed Ijyb
  4320 | D:5      | Found a staircase to the Ecumenical Temple.
  4351 | D:5      | Reached skill level 5 in Armour
  4599 | D:5      | Noticed Grinder
  4607 | D:5      | Killed Grinder
  4608 | D:5      | Reached skill level 5 in Dodging
  4758 | D:5      | Found a shadowy altar of Dithmenos.
  4971 | D:6      | Found a hazy altar of Hepliaklqana.
  4989 | D:6      | Noticed a yak
  4989 | D:6      | Noticed a yak
  4990 | D:6      | Noticed a yak
  4991 | D:6      | Noticed a yak
  4998 | D:6      | Killed a yak
  4999 | D:6      | Reached XP level 8. HP: 71/71 MP: 7/7
  5071 | D:6      | Reached skill level 5 in Shields
  5161 | D:6      | Got a jewelled trident
  5188 | D:6      | Identified the +8 trident of the Thirteen Youths
                  | {antimagic, Int+2} (You found it on level 6 of the Dungeon)
  5215 | D:6      | Found a snail-covered altar of Cheibriados.
  5547 | D:7      | Reached skill level 1 in Polearms
  5555 | D:7      | Reached XP level 9. HP: 73/78 MP: 2/8
  5846 | D:7      | You fall into a shaft and drop 3 floors!
  5846 | D:10     | Entered Level 10 of the Dungeon
  5987 | D:9      | Found Afeprot's Magic Scroll Shop.
  5989 | D:9      | Reached *** piety under Trog
  5996 | D:9      | Bought a scroll of remove curse for 39 gold pieces
  5996 | D:9      | Bought a scroll of identify for 26 gold pieces
  5996 | D:9      | Bought a scroll of identify for 26 gold pieces
  5996 | D:9      | Bought a scroll of identify for 26 gold pieces
  6482 | D:7      | Found an ancient bone altar of Kikubaaqudgha.
  6482 | D:7      | Found a hide-covered altar of Uskayaw.
  6484 | D:7      | Found a glowing golden altar of the Shining One.
  6540 | D:7      | Found an ornate altar of the Wu Jian Council.
  6940 | D:8      | Found a shimmering altar of Xom.
  6940 | D:8      | Found a shimmering altar of Xom.
  6941 | D:8      | Found a shimmering altar of Xom.
  6941 | D:8      | Found a shimmering altar of Xom.
  6943 | D:8      | Found a shimmering altar of Xom.
  6955 | D:8      | Found a shimmering altar of Xom.
  6955 | D:8      | Found a shimmering altar of Xom.
  6955 | D:8      | Found a shimmering altar of Xom.
  6981 | D:8      | Found a sacrificial altar of Ru.
  7360 | D:8      | Found an iron altar of Okawaru.
  7794 | D:9      | Reached **** piety under Trog
  7795 | D:9      | Reached XP level 10. HP: 90/90 MP: 3/9
  8048 | D:9      | Found a sacrificial altar of Ru.
  8082 | D:9      | Found Qufrafeu's Armour Shoppe.
  8095 | D:9      | Found a staircase to the Orcish Mines.
  8097 | D:9      | Found Noidith's Weapon Shoppe.
  8115 | D:9      | Reached skill level 5 in Polearms
  8287 | D:9      | Found a blossoming altar of Fedhas.
  8478 | D:10     | Noticed a two-headed ogre
  8490 | D:10     | Killed a two-headed ogre
  9633 | D:11     | Reached ***** piety under Trog
  9685 | D:11     | Found a staircase to the Lair.
  9768 | D:11     | Noticed a cyclops
  9790 | D:11     | Killed a cyclops
  9911 | D:11     | Noticed a green ugly thing
  9922 | D:11     | Killed a green ugly thing
  9923 | D:11     | Reached XP level 11. HP: 82/99 MP: 3/10
  9927 | D:11     | Reached skill level 10 in Axes
  9986 | D:11     | Reached skill level 10 in Fighting
 10095 | D:11     | Noticed a red ugly thing
 10108 | D:11     | Killed a red ugly thing
 10116 | D:11     | Noticed a two-headed ogre
 10127 | D:11     | Mangled by a two-headed ogre

Illustrated notes

Levels and vault maps discovered:
D:1:      ncdulo_halloftheorcs, layout_loops_corners, amcnicky_mini_pool_small,
          minmay_pentomino_s2
D:2:      layout_basic, nicolae_dithmenos_through_a_glass_darkly
D:3:      layout_loops_ring, overflow_temple_1_default, zin_academy
D:4:      layout_cave_pools, makhleb_blood_cavern_becter, elyvilon_altar_1
D:5:      gammafunk_steamed_eel, layout_layer_cave, minmay_temple_entry_grid,
          basic_altar, st_stairs_10, uniq_grinder, uniq_sigmund, uniq_ijyb
D:6:      layout_rooms, kennysheep_mini, lemuel_crystal_altar,
          eino_small_chamber_without_monster
D:7:      layout_loops_ring, lemuel_coloured_pillars_altar,
          gammafunk_temple_overflow_claw
D:8:      layout_basic, xom_shifter_show, kennysheep_little_box,
          okawaru_altar_gauntlet_db
D:9:      layout_basic, general_overflow_altar, orc_david_3, serial_shops, shop,
          nicolae_ru_great_annihilating_truth
D:10:     layout_basic
D:11:     minmay_the_grid_4x2 [minmay_the_grid_tree, minmay_the_grid_spikes,
          minmay_the_grid_minigrid_small, minmay_the_grid_broken_lines,
          minmay_the_grid_holed_spiral, minmay_the_grid_gridbox,
          minmay_the_grid_minigrid_large,
          minmay_the_grid_prize_shrinking_boxes], layout_cave_pools,
          basic_altar, serial_shops, shop_statue, uniq_erica

Skill      XL: |  1  2  3  4  5  6  7  8  9 10 11 |
---------------+----------------------------------+-----
Fighting       | 4 5 6 7 8 9 10 | 10.2
Axes           | 4 5 6 7 8 9 10 | 10.2
Armour         | 3 4 5 6 8 9 |  9.9
Dodging        | 3 4 5 6 7 8 9 |  9.1
Shields        | 1 2 4 5 |  5.5
Polearms       | 1 4 6 7 |  7.2

Action                   |  1- 3 |  4- 6 |  7- 9 | 10-12 || total
-------------------------+-------+-------+-------+-------++-------
Melee: Hand axe          |    51 |   102 |    80 |       ||   233
       Headbutt          |     8 |    16 |    44 |    47 ||   115
       Peck              |       |    15 |    33 |    45 ||    93
       Trident           |       |       |   164 |   256 ||   420
Throw: Boomerang         |    18 |       |     3 |     1 ||    22
Invok: Berserk           |       |     2 |     4 |     2 ||     8
       Trog's Hand       |       |     2 |     6 |     8 ||    16
  Use: Scroll            |     1 |     6 |     5 |     3 ||    15
       Potion            |       |     8 |     5 |     1 ||    14
Armor: Animal skin       |     4 |       |       |       ||     4
       Ring mail         |    13 |     6 |       |       ||    19
       Chain mail        |       |    57 |   108 |    85 ||   250
Dodge: Dodged            |    34 |    57 |   125 |   146 ||   362
Block: Buckler           |       |       |    30 |    59 ||    89
